Map: Echo LE (Void)

Players

Greenknight

  • Race: Protoss Protoss

Shamanas - Winner!

  • Race: Terran Terran

VOD

Have the link to the VOD?

Description

Time

  • Played on: May 2, 2015, 2:38 p.m.
  • Length: 8:20
Show
View Real Time Build Order
Export as new Build Order

Greenknight Protoss 

Build Orders: 1 Gate Expand 

Get SALT Encoding   

  12  0:01  Probe  
  13  0:13  Probe  
  14  0:18  Pylon  
  14  0:36  Probe (Chrono Boost)  
  14  0:42  Gateway  
  15  0:46  Probe (Chrono Boost)  
  16  0:52  Assimilator  
  16  0:53  Probe  
  17  1:05  Probe  
  18  1:20  Pylon  
  18  1:30  Nexus  
  18  1:37  Cybernetics Core  
  18  1:41  Probe (Chrono Boost)  
  19  1:50  Probe (Chrono Boost)  
  20  1:58  Probe  
  21  2:08  Pylon  
  21  2:10  Probe  
  21  2:13  Warp Gate (Chrono Boost)  
  21  2:15  Adept  
  23  2:21  Gateway  
  23  2:24  Probe  
  24  2:36  Probe  
  24  2:54  Adept  
  24  2:56  Probe (Chrono Boost)  
  28  3:01  Probe (Chrono Boost)  
  29  3:05  Pylon  
  29  3:06  Probe (Chrono Boost)  
  29  3:10  Probe (Chrono Boost)  
  30  3:16  Mothership Core (Chrono Boost)  
  32  3:22  Sentry, Zealot  
  36  3:27  Probe (Chrono Boost)  
  36  3:33  Assimilator  
  37  3:38  Probe (Chrono Boost)  
  37  3:39  Probe (Chrono Boost)  
  39  3:46  Probe  
  40  3:51  Pylon  
  40  3:53  Probe  
  41  3:58  Probe  
  41  3:59  Stalker  
  41  4:00  Zealot  
  46  4:05  Probe  
  35  4:49  Mothership Core (Chrono Boost)  
  35  4:52  Probe (Chrono Boost)  
  36  4:58  Assimilator  
  36  5:00  Assimilator  
  36  5:01  Stalker  
  36  5:02  Zealot  
  36  5:04  Robotics Facility  
  36  5:05  Robotics Facility  
  42  5:07  Probe (Chrono Boost), Pylon  
  42  5:08  Probe (Chrono Boost)  
  42  5:09  Pylon  
  43  5:15  Probe (Chrono Boost)  
  43  5:17  Probe (Chrono Boost)  
  43  5:19  Pylon  
  44  5:22  Probe (Chrono Boost)  
  44  5:24  Probe (Chrono Boost)  
  44  5:26  Forge, Pylon  
  46  5:31  Probe  
  46  5:35  Probe  
  48  5:36  Stalker  
  48  5:37  Stalker  
  50  5:43  Probe  
  50  5:47  Probe  
  52  5:55  Probe  
  59  5:59  Probe  
  59  6:02  Stalker  
  59  6:03  Zealot  
  60  6:13  Immortal x2 (Chrono Boost)  
  60  6:14  Protoss Ground Weapons Level 1 (Chrono Boost)  
  60  6:17  Pylon  
  60  6:19  Probe x2  
  60  6:20  Pylon  
  60  6:25  Stalker x2  
  66  6:31  Probe x2  
  66  6:32  Stargate  
  68  6:39  Twilight Council  
  68  6:40  Photon Cannon  
  68  6:45  Probe x2  
  70  6:47  Photon Cannon  
  70  6:52  Adept x2  
  74  6:54  Observer  
  74  6:57  Probe x2  
  77  7:09  Probe  
  77  7:11  Pylon  
  78  7:17  Stalker x2  
  78  7:19  Probe  
  78  7:21  Probe  
  84  7:23  Robotics Bay  
  84  7:31  Probe  
  84  7:33  Probe  
  84  7:36  Gateway  
  86  7:38  Gateway  
  86  7:41  Gateway  
  86  7:42  Stalker, Zealot  
  86  8:06  Nexus  
Show
View Real Time Build Order
Export as new Build Order

Shamanas Terran - Winner!

Build Orders: Reaper Expand 

Get SALT Encoding   

  12  0:01  SCV  
  13  0:13  SCV  
  14  0:18  Supply Depot  
  14  0:25  SCV  
  15  0:40  SCV  
  16  0:44  Barracks  
  16  0:46  Refinery  
  16  0:52  SCV  
  17  1:04  SCV  
  18  1:16  SCV  
  19  1:31  Orbital Command  
  19  1:32  Reaper  
  20  1:41  Command Center  
  20  1:49  Supply Depot  
  20  1:56  SCV  
  21  2:04  Barracks Reactor  
  21  2:10  SCV  
  22  2:22  SCV  
  23  2:25  Factory  
  23  2:27  Bunker  
  23  2:34  SCV, Refinery  
  24  2:44  Marine x2  
  25  2:46  SCV  
  26  2:57  Orbital Command  
  26  2:59  SCV  
  26  3:01  Marine  
  26  3:02  Marine  
  29  3:06  Missile Turret  
  29  3:09  Factory Tech Lab, Missile Turret  
  29  3:11  SCV  
  30  3:19  Marine x2  
  31  3:23  SCV x2  
  31  3:26  Supply Depot  
  34  3:28  Cyclone  
  37  3:35  SCV x2  
  37  3:41  Refinery, Marine  
  39  3:42  Refinery, Marine  
  39  3:48  Factory  
  41  3:52  SCV x2  
  43  3:59  Supply Depot, Marine x2  
  45  4:04  SCV x2  
  47  4:16  SCV  
  48  4:22  SCV  
  48  4:23  Supply Depot  
  48  4:28  Command Center, SCV  
  48  4:35  SCV  
  47  4:48  Cyclone  
  47  4:50  SCV x2  
  52  4:55  Factory  
  52  4:57  Hellion x2  
  52  4:58  Starport  
  52  4:59  Starport  
  56  5:02  SCV x2  
  58  5:16  SCV x2  
  64  5:21  Hellion x2  
  64  5:22  Cyclone  
  64  5:28  Armory, Missile Turret  
  67  5:30  Supply Depot  
  67  5:32  Supply Depot  
  63  5:44  Starport Tech Lab  
  63  5:47  Starport Tech Lab  
  63  5:48  Factory Tech Lab  
  63  5:52  Hellion x2  
  63  5:54  Cyclone  
  65  6:13  SCV  
  65  6:14  SCV  
  63  6:26  Hellbat x2  
  63  6:29  Banshee x2, Cyclone x2, Cloaking Field  
  79  6:37  Refinery x2  
  79  6:42  SCV x2  
  79  6:44  Missile Turret  
  81  6:55  Hellbat x2  
  85  7:01  SCV x2  
  85  7:02  Orbital Command  
  87  7:13  Cyclone x2  
  91  7:20  Hellbat x2  
  91  7:21  Banshee x2  
  101  7:26  Supply Depot  
  101  7:27  Supply Depot  
  101  7:28  Supply Depot  
  101  7:47  SCV x3  
  101  7:50  Command Center, Hellbat  
  112  7:52  Missile Turret  
  111  8:00  SCV  
Tags
 
Add a new tag
Caveats
  • Supply blocks, unpowered buildings, or Contaminate may cause inaccurate times.
  • Supply counts are checked every 10 seconds.